 Dungeon Sprint DCSS version bcrawl-1.36 (webtiles) character file.

Game seed: 9850698918535301652

4193495 Baz the Warrior (level 14, -16/135 HPs)
             Began as a Formicid Fighter on Apr 5, 2022.
             Was the Champion of Makhleb.
             Killed from afar by Biureij the pandemonium lord (35 damage)
             ... with an iron shot
             ... in the Dungeon (Sprint V: "Ziggurat Sprint").
             The game lasted 00:10:22 (1047 turns).

Baz the Warrior (Formicid Fighter)                  Turns: 1047, Time: 00:10:22

Health: -16/135    AC: 33    Str: 26    XL:     14   Next: 73%
Magic:  24/26      EV:  2    Int:  8    God:    Makhleb [******]
Gold:   0          SH: 39    Dex: 12    Spells: 12/13 levels left

rFire    . . .     SeeInvis +   r - +14 obsidian axe {chop, +Fly SInv *Curse} (curse)
rCold    + + .     Gourm    .   q - +18 shield of the Gong {rElec rN+ MR+ EV-5}
rNeg     + . .     Faith    .   p - +15 Maxwell's patent armour {-Cast -Tele rElec MR+ rCorr}
rPois    +         Spirit   .   (helmet unavailable)
rElec    +         Reflect  +   X - scarf {repulsion}
rCorr    +         NoCast   +   (no gloves)
MR       +++..                  (no boots)
Stlth    ..........             o - +5 amulet of reflection
HPRegen  0.32/turn              u - ring "Hafeluf" {+Fly rPois rC++ Dex-4}
MPRegen  0.20/turn              F - +6 ring of dexterity

@: mesmerised, studying 2 skills, repel missiles
A: permanent stasis, dig shafts and tunnels, four strong arms, antennae 3
a: Dig, Minor Destruction, Hew, Major Destruction, Greater Servant of Makhleb,
Renounce Religion, Evoke Flight


You were in the Dungeon.
You worshipped Makhleb.
Makhleb was exalted by your worship.
You were not hungry.

You visited 1 branch

Inventory:

Hand Weapons
 l - a +5 executioner's axe
 r - the cursed +14 obsidian axe (weapon) {chop, +Fly SInv *Curse}
   (You found it in the Dungeon)

   It will always inflict at least some extra damage.
   This minimum extra damage increases with your current reserve of magical
   power.
   It lets you see invisible.
   It lets you fly.
   It curses itself when equipped.
   It has a curse placed upon it.
Armour
 p - the +15 Maxwell's patent armour (worn) {-Cast -Tele rElec MR+ rCorr}
   (You found it in the Dungeon)

   It insulates you from electricity.
   It affects your resistance to hostile enchantments.
   It prevents spellcasting.
   It prevents most forms of teleportation.
   It provides partial protection from all sources of acid and corrosion.
 q - the +18 shield of the Gong (worn) {rElec rN+ MR+ EV-5}
   (You found it in the Dungeon)

   It affects your evasion (-5).
   It insulates you from electricity.
   It protects you from negative energy.
   It affects your resistance to hostile enchantments.
 z - the +3 large shield "Manasit" {Slay+6}
   (You found it in the Dungeon)

   It affects your accuracy and damage with ranged weapons and melee attacks
   (+6).
 Q - a +3 large shield
 X - a scarf of repulsion (worn)
Jewellery
 m - an uncursed amulet of regeneration
 o - a +5 amulet of reflection (around neck)
 t - the ring "Bicwomaj" {rC+ Str+4}
   (You found it in the Dungeon)

   [ring of protection from cold]

   It affects your strength (+4).
   It protects you from cold.
 u - the ring "Hafeluf" (left hand) {+Fly rPois rC++ Dex-4}
   (You found it in the Dungeon)

   [ring of flight]

   It affects your dexterity (-4).
   It greatly protects you from cold.
   It protects you from poison.
   It lets you fly.
 A - a +7 ring of dexterity
 B - an uncursed ring of protection from magic
 D - the ring of Amorality {+Fly Dex+3}
   (You found it in the Dungeon)

   [ring of flight]

   It affects your dexterity (+3).
   It lets you fly.
 E - a +6 ring of dexterity
 F - a +6 ring of dexterity (right hand)
 G - a +6 ring of intelligence
 H - a +6 ring of intelligence
 I - a +6 ring of strength
 J - a +6 ring of strength
 Y - the cursed ring "Vuan" {Fire *Drain Dex+5}
   (You found it in the Dungeon)

   [ring of fire]

   It enhances your fire magic.
   It affects your dexterity (+5).
   It protects you from fire.
   It makes you vulnerable to cold.
   It causes draining when unequipped.
   It has a curse placed upon it.
Wands
 K - a wand of disintegration (7)
 L - a wand of iceblast (7)
 M - a wand of acid (7)
Scrolls
 i - 5 scrolls of identify
 k - a scroll of blinking
 v - 4 scrolls of enchant weapon
 x - a scroll of brand weapon
 S - 4 scrolls of amnesia
 T - 7 scrolls of fog
 V - 5 scrolls of remove curse
 W - 2 scrolls of fear
Potions
 d - 6 potions of might
 f - 10 potions of curing
 g - 13 potions of heal wounds
 h - a potion of haste
 j - a potion of berserk rage
 N - 2 potions of brilliance
 O - 2 potions of invisibility
 P - 4 potions of resistance
 R - 6 potions of agility
 U - 7 potions of magic
Miscellaneous
 a - a phial of floods
 n - a lamp of fire
 s - 2 boxes of beasts
 w - 3 phantom mirrors
 y - a fan of gales (2/2)
 C - a lightning rod (4/4)
 Z - a fan of gales (2/2)
Comestibles
 e - 6 rations {!d}


   Skills:
 + Level 20.0 Fighting
 + Level 18.2 Axes
 + Level 18.5 Armour
 + Level 19.8 Shields
 - Level 16.0 Invocations
 + Level 9.7 Evocations


You had 12 spell levels left.
You knew the following spells:

 Your Spells              Type           Power        Failure   Level  Hunger
a - Apportation           Tloc           #.....       99%         1    None

Your spell library contained the following spells:

 Spells                   Type           Power        Failure   Level  Hunger
 Sandblast                Erth           #.....       99%         1    None
 Summon Butterflies       Summ           #.......     99%         1    None
 Sticks to Snakes         Tmut           #.......     100%        2    ####...
 Beckoning                Tloc           #.........   100%        3    #####..
 Tukima's Dance           Hex            #.......     100%        3    #####..
 Blade Hands              Tmut           #.........   100%        5    #######
 Invisibility             Hex            #.......     100%        6    #######
 Chain Lightning          Conj/Air       #.........   100%        8    #######
 Necromutation            Tmut/Necr      #.......     100%        8    #######


Dungeon Overview and Level Annotations

Branches:
Dungeon (1/1)

Altars:
Ashenzari
Cheibriados
Dithmenos
Elyvilon
Fedhas
Gozag
Hepliaklqana
Kikubaaqudgha
Lugonu
Makhleb
Nemelex Xobeh
Okawaru
Qazlal
Ru
Sif Muna
Trog
Uskayaw
Vehumet
Wu Jian
Xom
Yredelemnul
Zin
The Shining One
Beogh
Jiyva


Innate Abilities, Weirdness & Mutations

You cannot be hasted, slowed, berserked, paralysed or teleported.
You can dig through walls and to a lower floor.
Your four strong arms can wield two-handed weapons with a shield.
You have a pair of large antennae on your head. (SInv)


Message History

SHROANNG!
The ufetubus blinks!
Kemigiof hits you but does no damage. Space bends around you.
* * * LOW HITPOINT WARNING * * *
Jicyenti gestures at you. You resist with almost no effort.
No path to travel!
No path to travel!
No path to travel!
You feel much better.
Visions of slaying Biureij flood into your mind.
You block Biureij's attack.
PTOANNNG!
You block Kemigiof's attack.
PANG!
Naizxeff hits you but does no damage. Sairutoh hits you!!
* * * LOW HITPOINT WARNING * * *
Nutoblen gestures.
Biureij gestures at you. The iron shot hits you!!
You die... 6 4

{ ▓≈.≈≈....≈
▓..::)[}:}):..▓≈.≈.≈.≈).
▓.............▓.≈...)≈))
▓..........w..▓.≈..))))≈
▓......43./...▓......)†.
▓.......4*5...▓..▓.≈≈≈.▓
▓.....G2&2G...▓.≈..≈.≈.)
▓.2&&&64▓ ▓.≈≈..©≈.. ▓
▓▓4&@&4▓▓ ▓▓▓▓▓▓▓▓▓▓
▓..▓.5&....▓..▓....8©8..
▓......3......▓..==|)..|
▓...4..©......▓....)::).
▓▓▓▓▓▓▓▓▓▓▓▓▓▓▓.........
▓......... {


{{{{{{ { ▓......... {{{{ {{{{ ▓......... ▓..▓..)†)▓ You could see Biureij,
Jicyenti, Kemigiof, Naizxeff, Nutoblen, Sairutoh, Zevyil, an eldritch tentacle,
a cacodemon, a monstrous warmonger, a reaper, 3 orange demons, a hellwing, an
ice devil, an eye of draining, a tormentor, a ynoxinul, a chaos spawn, a
floating eye, 2 ufetubi and a friendly sun demon.

Vanquished Creatures
  A bone dragon (D)
  2 iron giants (D)
  A titan (D)
  A shadow dragon (D)
  A storm dragon (D)
  2 ghouls (D)
  A reaper (D)
  A merfolk javelineer (D)
  2 spriggan air magi (D)
  A death ooze (D)
  A centaur warrior (D)
  A merfolk aquamancer (D)
  3 soul eaters (D)
  2 sixfirhies (D)
  A wretched star (D)
  A glowing orange brain (D)
  2 ugly things (D)
  2 cyclopes (D)
  A large abomination (D)
  2 slime creatures (D)
  7 will-o'-wisps (D)
  3 merfolk sirens (D)
  An orange demon (D)
  A rime drake (D)
  A yaktaur (D)
  2 tormentors (D)
  A hellwing (D)
  2 jumping spiders (D)
  2 hippogriffs (D)
  An air elemental (D)
  A wyvern (D)
  A spriggan (shapeshifter) (D)
  A tarantella (D)
  A spriggan (D)
  A steam dragon (D)
  3 water moccasins (D)
  A swamp drake (D)
  An ice beast (shapeshifter) (D)
  A necrophage (D)
  2 centaurs (D)
  2 wights (D)
  A jelly (D)
  A quasit (D)
  An iron imp (D)
  A worker ant zombie (D)
  A river rat (D)
  2 adders (D)
  2 shadow imps (D)
  A white imp (D)
  2 spectral bats (D)
  3 bat skeletons (D)
  2 bat zombies (D)
  3 jackal skeletons (D)
  A quokka skeleton (D)
  2 quokka zombies (D)
88 creatures vanquished.

Vanquished Creatures (collateral kills)
  A merfolk javelineer (D)
  2 merfolk impalers (D)
  A spriggan air mage (D)
  A skeletal warrior (D)
  2 spriggan druids (D)
  A cyclops (D)
  2 manticores (D)
  An ugly thing (D)
  A merfolk siren (D)
  2 will-o'-wisps (D)
  A rime drake (D)
  An eye of draining (D)
  A merfolk (D)
  A slime creature (D)
  2 air elementals (D)
  A spriggan (D)
  A wyvern (D)
  A black bear (D)
  2 swamp drakes (D)
  A necrophage (D)
  2 wolves (D)
  2 centaurs (D)
  A wight (D)
  A crimson imp (D)
  A river rat (D)
  2 oozes (D)
  A bat zombie (D)
36 creatures vanquished.

Vanquished Creatures (others)
  2 merfolk javelineers (D)
  A yaktaur captain (D)
  A cyclops (D)
  A will-o'-wisp (D)
  A yaktaur (D)
6 creatures vanquished.

Grand Total: 130 creatures vanquished

Notes
Turn   | Place    | Note
-------+----------+-------------------------------------------
     0 | D        | Baz the Formicid Fighter began the quest for the Orb.
     0 | D        | Reached XP level 1. HP: 18/18 MP: 1/1
     1 | D        | Found a blossoming altar of Fedhas.
     2 | D        | Found the +6 Majin-Bo {vamp, *Drain Str+12 Int+24}
     2 | D        | Found the +9 heavy crossbow "Sniper" {velocity, Acc+∞ SInv}
     2 | D        | Found the +10 dark maul {crush}
     2 | D        | Found the +15 Maxwell's patent armour {-Cast -Tele rElec
                  | MR+ rCorr}
     2 | D        | Found the +18 shield of the Gong {rElec rN+ MR+ EV-5}
     2 | D        | Found the cursed +14 obsidian axe {chop, +Fly SInv *Curse}
     2 | D        | Found the +7 great mace "Firestarter" {inner flame, rF++}
     2 | D        | Found the +0 shillelagh "Devastator" {shatter, Stlth+}
     2 | D        | Found the +8 plutonium sword {irradiate, *Contam MR+
                  | Stlth-}
     2 | D        | Found the +8 lance "Wyrmbane" {slay drac, rPois rF+ rC+
                  | AC+3}
     2 | D        | Found the +9 sword of Zonguldrok {reap}
     2 | D        | Found the cursed +13 scythe of Curses {drain, *Curse}
     2 | D        | Found the +0 sword of Power
     2 | D        | Found the +7 mace of Variability {chain chaos}
     2 | D        | Found the +7 Singing Sword {slice}
     2 | D        | Found the +7 longbow "Piercer" {penet, EV-2}
     2 | D        | Found a viscous altar of Jiyva.
     2 | D        | Found a hazy altar of Hepliaklqana.
     2 | D        | Found a transporter.
     2 | D        | Found an opulent altar of Gozag.
     2 | D        | Found an ancient bone altar of Kikubaaqudgha.
     2 | D        | Found a corrupted altar of Lugonu.
     6 | D        | Found a burning altar of Makhleb.
     7 | D        | Found an iron altar of Okawaru.
     7 | D        | Found a stormy altar of Qazlal.
     7 | D        | Found a sparkling altar of Nemelex Xobeh.
     7 | D        | Found a sacrificial altar of Ru.
     7 | D        | Found a shimmering blue altar of Sif Muna.
    16 | D        | Found a bloodstained altar of Trog.
    20 | D        | Got the ring of Amorality {+Fly Dex+3}
    34 | D        | Reached XP level 2. HP: 24/24 MP: 2/2
    88 | D        | Became a worshipper of Makhleb the Destroyer
    96 | D        | Entered arena 2.
    96 | D        | Found a transporter.
   101 | D        | Reached XP level 3. HP: 23/30 MP: 3/3
   145 | D        | Entered arena 3.
   145 | D        | Noticed a jumping spider
   145 | D        | Noticed a jumping spider
   145 | D        | Noticed a tarantella
   145 | D        | Found a transporter.
   149 | D        | Killed a jumping spider
   149 | D        | Reached * piety under Makhleb
   150 | D        | Reached skill level 6 in Fighting
   150 | D        | Reached XP level 4. HP: 14/41 MP: 4/4
   150 | D        | Reached XP level 5. HP: 16/47 MP: 5/5
   150 | D        | Reached XP level 6. HP: 18/53 MP: 6/6
   151 | D        | Killed a tarantella
   152 | D        | Reached skill level 7 in Fighting
   152 | D        | Reached XP level 7. HP: 35/60 MP: 7/7
   161 | D        | Killed a jumping spider
   162 | D        | Reached skill level 8 in Fighting
   162 | D        | Reached skill level 10 in Axes
   236 | D        | Entered arena 4.
   236 | D        | Noticed a will-o'-wisp
   236 | D        | Noticed a will-o'-wisp
   236 | D        | Noticed a will-o'-wisp
   236 | D        | Noticed a will-o'-wisp
   236 | D        | Found a transporter.
   238 | D        | Killed a will-o'-wisp
   238 | D        | Reached ** piety under Makhleb
   239 | D        | Reached skill level 9 in Fighting
   239 | D        | Reached XP level 8. HP: 71/71 MP: 7/10
   239 | D        | Killed a will-o'-wisp
   240 | D        | Reached skill level 10 in Shields
   243 | D        | Killed a will-o'-wisp
   243 | D        | Killed a will-o'-wisp
   244 | D        | Reached skill level 10 in Fighting
   244 | D        | Reached skill level 10 in Armour
   244 | D        | Reached XP level 9. HP: 79/79 MP: 7/14
   247 | D        | Got the cursed ring "Vuan" {Fire *Drain Dex+5}
   261 | D        | Entered arena 5.
   261 | D        | Noticed a white ugly thing
   261 | D        | Noticed a red ugly thing
   261 | D        | Noticed a green ugly thing
   261 | D        | Found a transporter.
   262 | D        | Found the +7 Spriggan's Knife {stab, EV+4 Stlth+}
   265 | D        | Killed a green ugly thing
   265 | D        | Reached *** piety under Makhleb
   266 | D        | Killed a red ugly thing
   267 | D        | Reached skill level 11 in Fighting
   268 | D        | Reached XP level 10. HP: 58/88 MP: 10/16
   268 | D        | Killed a white ugly thing
   344 | D        | Entered arena 6.
   344 | D        | Found a transporter.
   347 | D        | Reached **** piety under Makhleb
   356 | D        | Got the cursed ring of Jygroseufok {+Blink rPois Str-3
                  | Int-4 SInv}
   361 | D        | Entered arena 7.
   362 | D        | Found a transporter.
   363 | D        | Reached ***** piety under Makhleb
   368 | D        | Reached skill level 12 in Fighting
   377 | D        | Entered arena 8.
   377 | D        | Noticed a cyclops
   378 | D        | Found a transporter.
   382 | D        | Killed a cyclops
   383 | D        | Reached ****** piety under Makhleb
   384 | D        | Reached skill level 10 in Invocations
   386 | D        | Reached skill level 13 in Fighting
   391 | D        | Entered arena 9.
   391 | D        | Noticed a spriggan druid
   391 | D        | Noticed a spriggan druid
   392 | D        | Found a transporter.
   395 | D        | Killed a spriggan druid
   396 | D        | Reached XP level 11. HP: 98/98 MP: 17/19
   398 | D        | Killed a spriggan druid
   399 | D        | Reached skill level 14 in Fighting
   411 | D        | Entered arena 10.
   412 | D        | Found a transporter.
   429 | D        | Got the ring "Bicwomaj" {rC+ Str+4}
   431 | D        | Got the ring "Hafeluf" {+Fly rPois rC++ Dex-4}
   582 | D        | Entered arena 11.
   582 | D        | Noticed a yaktaur captain
   582 | D        | Noticed a cyclops
   582 | D        | Noticed a centaur warrior
   582 | D        | Noticed a cyclops
   582 | D        | Noticed a cyclops
   583 | D        | Found a transporter.
   587 | D        | Killed a centaur warrior
   588 | D        | Reached skill level 15 in Fighting
   588 | D        | Killed a cyclops
   589 | D        | Killed a yaktaur captain
   591 | D        | Killed a cyclops
   592 | D        | Reached skill level 15 in Shields
   593 | D        | Reached skill level 16 in Fighting
   594 | D        | Killed a cyclops
   595 | D        | Reached XP level 12. HP: 105/111 MP: 19/21
   603 | D        | Entered arena 12.
   603 | D        | Noticed a death ooze
   604 | D        | Noticed a glowing orange brain
   609 | D        | Killed a death ooze
   612 | D        | Found a transporter.
   616 | D        | Killed a glowing orange brain
   713 | D        | Entered arena 13.
   713 | D        | Noticed a sixfirhy
   713 | D        | Noticed a wretched star
   715 | D        | Found the +7 captain's cutlass {speed, disarm}
   718 | D        | Killed a sixfirhy
   723 | D        | Reached skill level 15 in Axes
   725 | D        | Killed a wretched star
   728 | D        | Found a transporter.
   733 | D        | Reached skill level 17 in Fighting
   777 | D        | Entered arena 14.
   778 | D        | Noticed a skeletal warrior
   778 | D        | Noticed an iron giant
   778 | D        | Noticed a ghoul
   778 | D        | Noticed a ghoul
   778 | D        | Noticed a bone dragon
   779 | D        | Noticed an iron giant
   779 | D        | Noticed a reaper
   788 | D        | Killed an iron giant
   789 | D        | Reached skill level 15 in Armour
   791 | D        | Killed a reaper
   793 | D        | Killed a ghoul
   794 | D        | Reached XP level 13. HP: 74/122 MP: 22/24
   798 | D        | Killed a bone dragon
   799 | D        | Reached skill level 18 in Fighting
   799 | D        | Reached skill level 15 in Invocations
   799 | D        | Killed an iron giant
   802 | D        | Killed a ghoul
   870 | D        | Found a transporter.
   889 | D        | Learned a level 1 spell: Apportation
   891 | D        | Entered arena 15.
   892 | D        | Noticed a merfolk javelineer
   892 | D        | Noticed a merfolk impaler
   893 | D        | Noticed a merfolk javelineer
   893 | D        | Noticed a merfolk javelineer
   893 | D        | Noticed a merfolk impaler
   895 | D        | Noticed a merfolk javelineer
   897 | D        | Reached skill level 1 in Evocations
   897 | D        | Killed a merfolk javelineer
   898 | D        | Found a transporter.
   901 | D        | Killed a merfolk javelineer
   901 | D        | Killed a merfolk javelineer
   905 | D        | Killed a merfolk javelineer
   906 | D        | Reached skill level 5 in Evocations
   906 | D        | Reached XP level 14. HP: 122/131 MP: 26/26
   915 | D        | Reached skill level 19 in Fighting
   934 | D        | Entered arena 16.
   935 | D        | Noticed a storm dragon
   935 | D        | Noticed a titan
   936 | D        | Found the +0 mask of the Dragon {MR+ Slay+3 SInv}
   937 | D        | Found a transporter.
   946 | D        | Killed a titan
   951 | D        | Killed a storm dragon
   963 | D        | Got the +3 large shield "Manasit" {Slay+6}
   965 | D        | Got the Papyrus of Ashen Changing
   988 | D        | Entered arena 17.
   993 | D        | Noticed a shadow dragon
   997 | D        | Found a transporter.
  1008 | D        | Killed a shadow dragon
  1009 | D        | Reached skill level 20 in Fighting
  1014 | D        | Got The Testament of the Archmage
  1024 | D        | Entered arena 18.
  1027 | D        | Noticed a cacodemon
  1027 | D        | Noticed a monstrous warmonger
  1027 | D        | Noticed Sairutoh the pandemonium lord
  1027 | D        | Noticed Jicyenti the pandemonium lord
  1027 | D        | Noticed Zevyil the pandemonium lord
  1028 | D        | Noticed Naizxeff the pandemonium lord
  1028 | D        | Noticed Biureij the pandemonium lord
  1029 | D        | Noticed a reaper
  1029 | D        | Noticed a balrug
  1029 | D        | Noticed Kemigiof the pandemonium lord
  1029 | D        | Noticed Nutoblen the pandemonium lord
  1034 | D        | Noticed an eye of devastation
  1047 | D        | Killed from afar by Biureij the pandemonium lord

Skill      XL: |  1  2  3  4  5  6  7  8  9 10 11 12 13 14 |
---------------+-------------------------------------------+-----
Axes           | 7 9 10 11 12 13 14 15 17 18 | 18.2
Shields        | 4 7 8 9 11 12 13 15 16 18 19 | 19.8
Fighting       | 6 7 9 10 11 13 16 17 18 20 | 20.0
Armour         | 6 7 9 10 11 12 14 15 17 18 | 18.5
Invocations    | 3 6 8 10 12 14 16 | 16.0
Evocations     | 5 9 |  9.7

Action                   |  1- 3 |  4- 6 |  7- 9 | 10-12 | 13-15 || total
-------------------------+-------+-------+-------+-------+-------++-------
Melee: Broad axe         |     4 |     1 |    12 |    70 |    76 ||   163
Invok: Major Destruction |       |       |       |     2 |     2 ||     4
       Minor Destruction |       |       |       |     1 |       ||     1
       Greater Servant o |       |       |       |       |     4 ||     4
  Use: Potion            |     1 |       |       |       |     1 ||     2
 Stab: Distracted        |       |       |     2 |     1 |       ||     3
  Eat: Ration            |       |       |       |       |     1 ||     1
Armor: Scale mail        |     1 |       |       |       |       ||     1
       Plate armour      |     8 |     1 |     6 |    35 |    48 ||    98
Dodge: Dodged            |       |       |       |       |     2 ||     2
Block: Medium shield     |     7 |     2 |    16 |   117 |   173 ||   315
       Reflection        |       |       |       |    18 |    12 ||    30
